 Dungeon Crawl Stone Soup version 0.28.0-53-g5a82cb258f (webtiles) character file.

Game seed: 193458095092466247

5203 protoss039 the Fighter (level 10, 0/83 HPs)
             Began as a Demonspawn Earth Elementalist on June 14, 2022.
             Was a Follower of Vehumet.
             Slain by a boulder beetle (20 damage)
             ... on level 8 of the Dungeon.
             The game lasted 00:14:58 (12181 turns).

protoss039 the Fighter (DsEE)                      Turns: 12181, Time: 00:14:58

Health: 0/83       AC:  9    Str:  9    XL:     10   Next: 34%
Magic:  4/20       EV: 17    Int: 21    God:    Vehumet [*.....]
Gold:   400        SH:  0    Dex: 13    Spells: 14/23 levels left

rFire   . . .      SeeInvis +   j - +3 dagger (venom)
rCold   . . .      Faith    .   (no shield)
rNeg    . . .      Spirit   .   b - +0 robe
rPois   +          Reflect  .   v - +2 helmet
rElec   .          Harm     .   r - +0 cloak {rPois}
rCorr   .          Rampage  .   (no gloves)
Will    .....                   t - +0 pair of boots
Stlth   ++........              D - amulet of the acrobat
HPRegen 0.23/turn               n - ring of see invisible
MPRegen 0.17/turn               E - ring of wizardry

@: mighty, agile, hasted, very quick
A: hooves 2, icy blue scales 1, foul stench 2, powered by pain 1
a: Renounce Religion


You were on level 8 of the Dungeon.
You worshipped Vehumet.
Vehumet was aware of your devotion.
You visited 2 branches of the dungeon, and saw 9 of its levels.

You collected 400 gold pieces.

Inventory:

Hand Weapons
 j - a +3 dagger of venom (weapon)
 y - a +3 hand axe
 G - a +1 hand axe of freezing
Missiles
 c - 177 stones
Armour
 b - a +0 robe (worn)
 r - a +0 cloak of poison resistance (worn)
 t - a +0 pair of boots (worn)
 v - a +2 helmet (worn)
Jewellery
 d - a ring of fire
 n - a ring of see invisible (left hand)
 D - an amulet of the acrobat (around neck)
 E - a ring of wizardry (right hand)
Wands
 p - a wand of digging (3)
 B - a wand of polymorph (3)
Scrolls
 a - a scroll of acquirement {unknown}
 e - 4 scrolls of enchant weapon
 f - 3 scrolls of immolation
 h - a scroll of vulnerability {unknown}
 i - 2 scrolls of identify
 o - a scroll of holy word {unknown}
 s - 3 scrolls of teleportation
 w - a scroll of amnesia {unknown}
 x - 2 scrolls of enchant armour {unknown}
 F - a scroll of noise {unknown}
 H - a scroll of blinking {unknown}
Potions
 g - a potion of haste
 k - a potion of brilliance {unknown}
 l - 2 potions of heal wounds
 m - a potion of cancellation {unknown}
 q - 2 potions of curing
 u - 2 potions of lignification
 z - 2 potions of resistance {unknown}
 A - 3 potions of flight {unknown}
 C - 2 potions of might {unknown}


   Skills:
 * Level 9.1 Fighting
 - Level 3.0 Armour
 - Level 1.7 Dodging
 - Level 1.7 Stealth
 * Level 7.0 Spellcasting
 + Level 5.4 Conjurations
 - Level 1.0 Transmutations
 * Level 7.3 Earth Magic


You had 14 spell levels left.
You knew the following spells:

 Your Spells              Type           Power      Damage    Failure   Level
a - Sandblast             Erth           76%        2d16      1%          1
b - Passwall              Tmut/Erth      20%        N/A       1%          2
c - Stone Arrow           Conj/Erth      68%        3d11      1%          3
d - Swiftness             Air            7%         N/A       11%         3

Your spell library contained the following spells:

 Spells                   Type           Power      Damage    Failure   Level
 Magic Dart               Conj           100%       1d8       1%          1
 Shock                    Conj/Air       72%        1d7       1%          1
 Summon Small Mammal      Summ           28%        N/A       3%          1
 Petrify                  Tmut/Erth      25%        N/A       6%          4
 Call Canine Familiar     Summ           7%         N/A       11%         3
 Ozocubu's Armour         Ice            7%         N/A       11%         3
 Summon Guardian Golem    Hex/Summ       7%         N/A       11%         3
 Iskenderun's Battlesphe  Conj           30%        2d8       11%         5
 Airstrike                Air            3%         N/A       32%         4
 Iron Shot                Conj/Erth      17%        9d4       34%         6
 Ozocubu's Refrigeration  Ice            3%         4d5       100%        7
 Spellforged Servitor     Conj/Summ      9%         N/A       100%        7


Dungeon Overview and Level Annotations

Branches:
Dungeon (8/15)             Temple (1/1) D:6            Lair (0/6) D:8

Altars:
Ashenzari
Cheibriados
Dithmenos
Elyvilon
Fedhas
Gozag
Kikubaaqudgha
Makhleb
Nemelex Xobeh
Okawaru
Qazlal
Ru
Sif Muna
Trog
Vehumet
Xom
Yredelemnul
Zin
The Shining One

Shops:
D:6 =


Innate Abilities, Weirdness & Mutations

You have hoof-like feet.
You are partially covered in icy blue scales. (AC +2)
You sometimes emit foul miasma when damaged in melee.
You sometimes gain a little power by taking damage.


Message History

Confirm with . or Enter, or press ? or * to list all spells.
Aiming: Stone Arrow (safe; 1% risk of failure)
Press: ? - help, Shift-Dir - straight line, f - orc priest
Aim: an orc priest, wielding a +0 whip and wearing a +0 ring mail (fast, 77% to hit)
The stone arrow hits the orc priest!
The orc priest is almost dead.
The orc priest hits you with a +0 whip.
You emit a cloud of foul miasma!
Unknown command.
Casting: Stone Arrow (safe; 1% risk of failure)
Confirm with . or Enter, or press ? or * to list all spells.
Aiming: Stone Arrow (safe; 1% risk of failure)
Press: ? - help, Shift-Dir - straight line, f/p - orc priest
Aim: an orc priest, wielding a +0 whip and wearing a +0 ring mail (foul pestilence, almost dead, fast, 77% to hit)
The stone arrow hits the orc priest.
You kill the orc priest!
Vehumet accepts your kill.
Unknown command.
You feel much better. The boulder beetle hits you!!!
Ouch! That really hurt!
* * * LOW HITPOINT WARNING * * *
You focus on the pain.
You feel more agile all of a sudden.
The boulder beetle stops rolling and uncurls.
Unknown command.
You feel much better. The boulder beetle bites you!
You focus on the pain.
You feel mightier all of a sudden.
Unknown command.
You hit the boulder beetle but do no damage.
The boulder beetle is poisoned.
The boulder beetle misses you.
Unknown command.
You hit the boulder beetle but do no damage.
The boulder beetle looks even sicker.
The boulder beetle bites you!
* * * LOW HITPOINT WARNING * * *
Unknown command.
Unknown command.
Things that are here:
a +0 dagger; a +0 robe; an orc corpse Unknown command.
You feel yourself speed up. The boulder beetle bites you!!
You die...

###.########
.......@°..###
.##.#...B....#
#[####.#.# #.#
#○#.# #.#
#B##.#.########
..#
#............####
.##
#.##B.........#...
............#.#.##
............#.#.##


You could see a boulder beetle (very poisoned).

Vanquished Creatures
  2 centaur warriors (D:8)
  A cyclops (D:8)
  An unseen horror (D:8)
  A troll (D:8)
  A steam dragon (D:8)
  A vampire mosquito (D:8)
  Duvessa (D:7)
  A water moccasin (D:7)
  3 orc warriors
  A black bear (D:5)
  An ice beast (D:6)
  2 ogres
  2 necrophages
  A centaur (D:8)
  A phantom (D:5)
  A kobold brigand (D:7)
  3 bullfrogs (D:8)
  A gnoll sergeant (D:8)
  4 scorpions
  A wyvern skeleton (D:7)
  Dowan (D:7)
  3 wights (D:7)
  3 howler monkeys (D:8)
  A centaur zombie (D:5)
  A bullfrog zombie (D:6)
  2 orc priests
  2 hounds
  4 centaur skeletons
  2 gnoll shamans (D:7)
  Crazy Yiuf (D:2)
  2 bullfrog skeletons
  2 iguanas (D:5)
  3 orc wizards (D:8)
  A hound skeleton (D:4)
  A hound zombie (D:5)
  Robin (D:3)
  14 gnolls
  6 adders
  2 shadow imps
  A white imp (D:5)
  An adder skeleton (D:4)
  A dart slug (D:1)
  13 orcs
  7 bats
  7 endoplasms
  2 giant cockroaches
  8 hobgoblins
  2 quokkas
  6 ball pythons
  4 frilled lizards
  14 goblins
  12 kobolds
  5 rats
165 creatures vanquished.

Notes
Turn   | Place    | Note
-------+----------+-------------------------------------------
     0 | D:1      | protoss039 the Demonspawn Earth Elementalist began the
                  | quest for the Orb.
     0 | D:1      | Reached XP level 1. HP: 13/13 MP: 3/3
    79 | D:1      | Reached skill level 1 in Transmutations
   256 | D:1      | Gained mutation: You sometimes gain a little power by
                  | taking damage. [demonic ancestry]
   256 | D:1      | Reached XP level 2. HP: 6/20 MP: 0/5
   597 | D:1      | Reached skill level 1 in Fighting
  1094 | D:1      | Learned a level 2 spell: Passwall
  1451 | D:2      | Gained mutation: You may rarely emit foul miasma when
                  | damaged in melee. [demonic ancestry]
  1451 | D:2      | Reached XP level 3. HP: 26/26 MP: 6/6
  1457 | D:2      | Found a faded altar of an unknown god.
  1465 | D:2      | Reached skill level 1 in Armour
  1797 | D:2      | Found a runed translucent door.
  1798 | D:2      | Noticed Crazy Yiuf
  1833 | D:2      | HP: 1/25 [Crazy Yiuf/+4 quarterstaff of chaos (1)]
  2137 | D:1      | Learned a level 3 spell: Stone Arrow
  2267 | D:2      | Killed Crazy Yiuf
  2268 | D:2      | Reached skill level 2 in Fighting
  2398 | D:3      | Gained mutation: You sometimes emit foul miasma when
                  | damaged in melee. [demonic ancestry]
  2398 | D:3      | Reached XP level 4. HP: 29/33 MP: 7/7
  2432 | D:3      | Noticed Robin
  2554 | D:3      | Killed Robin
  2856 | D:3      | Noticed an ogre
  2869 | D:3      | Killed an ogre
  2870 | D:3      | Reached skill level 3 in Fighting
  2870 | D:3      | Reached XP level 5. HP: 14/41 MP: 7/9
  3930 | D:4      | Gained mutation: You are partially covered in icy blue
                  | scales. (AC +2) [demonic ancestry]
  3930 | D:4      | Reached XP level 6. HP: 47/47 MP: 10/10
  4284 | D:4      | Reached skill level 1 in Conjurations
  4729 | D:5      | Entered Level 5 of the Dungeon
  4771 | D:5      | Reached skill level 4 in Fighting
  4992 | D:5      | Gained mutation: You have large cloven feet. [demonic
                  | ancestry]
  4992 | D:5      | Reached XP level 7. HP: 50/54 MP: 1/12
  5844 | D:5      | Reached skill level 5 in Fighting
  6134 | D:5      | Reached XP level 8. HP: 60/62 MP: 10/14
  7117 | D:6      | Reached skill level 6 in Fighting
  7355 | D:6      | Found Osyisez's Jewellery Boutique.
  7442 | D:6      | Found a staircase to the Ecumenical Temple.
  7453 | Temple   | Entered the Ecumenical Temple
  7835 | Temple   | Became a worshipper of Vehumet
  7938 | D:7      | Noticed Duvessa
  7938 | D:7      | Noticed Dowan
  7945 | D:7      | Killed Duvessa
  7946 | D:7      | Reached skill level 5 in Earth Magic
  7948 | D:7      | Killed Dowan
  8469 | D:7      | Reached skill level 7 in Fighting
  8469 | D:7      | Reached skill level 5 in Spellcasting
  8702 | D:7      | Reached XP level 9. HP: 62/72 MP: 3/16
  9975 | D:8      | Noticed a centaur warrior
  9975 | D:8      | Noticed a centaur warrior
  9975 | D:8      | Noticed a troll
 10118 | D:8      | Noticed a boulder beetle
 10192 | D:8      | Found a staircase to the Lair.
 10228 | D:8      | Noticed a cyclops
 10590 | D:8      | Reached * piety under Vehumet
 10590 | D:8      | Offered knowledge of Magic Dart by Vehumet.
 10609 | D:7      | Learned a level 3 spell: Swiftness
 11108 | D:8      | Killed a centaur warrior
 11109 | D:8      | Reached skill level 8 in Fighting
 11500 | D:8      | Killed a cyclops
 11501 | D:8      | Reached skill level 5 in Conjurations
 11650 | D:8      | Killed a troll
 11651 | D:8      | Gained mutation: You have hoof-like feet. [demonic
                  | ancestry]
 11651 | D:8      | Reached XP level 10. HP: 63/82 MP: 4/19
 11836 | D:8      | Killed a centaur warrior
 11837 | D:8      | Reached skill level 9 in Fighting
 12181 | D:8      | Slain by a boulder beetle

Illustrated notes

Levels and vault maps discovered:
D:1:      grunt_arrival_lava_bath, layout_loops_ring, nrook_loot_triangle,
          grunt_decor_mini_mirrors
D:2:      layout_rooms, hellmonk_ecumenical_altar_blasted,
          uniq_crazy_yiuf_cottage
D:3:      layout_loops_corners, uniq_robin
D:4:      layout_basic
D:5:      layout_basic, kennysheep_cross_room, columned_hall_lemuel,
          patterned_corridor
D:6:      layout_rooms, minmay_temple_entry_statues_fountains, serial_shops,
          shop
D:7:      layout_layer_cave, uniq_duvessa
D:8:      minmay_bloctagon, layout_loops_ring, lair_entry_dummy, special_room
          [special_room_orc], lightli_orcish_oven
Temple:   mainiacjoe_temple_trianglar_array

Skill      XL: |  1  2  3  4  5  6  7  8  9 10 |
---------------+-------------------------------+-----
Transmutations | 1 |  1.0
Fighting       | 1 2 3 4 5 7 8 9 |  9.1
Armour         | 1 2 3 |  3.0
Earth Magic    | 3 4 5 6 7 |  7.3
Spellcasting   | 3 4 5 6 7 |  7.0
Conjurations   | 2 3 5 |  5.4
Dodging        | |  1.7
Stealth        | |  1.7

Action                   |  1- 3 |  4- 6 |  7- 9 | 10-12 || total
-------------------------+-------+-------+-------+-------++-------
Melee: Short sword       |    21 |       |       |       ||    21
       Dagger            |    47 |   117 |   220 |     9 ||   393
       Punch             |     1 |     2 |     5 |       ||     8
       Hand axe          |       |       |     9 |       ||     9
 Cast: Sandblast         |    12 |    14 |    14 |     5 ||    45
       Stone Arrow       |     1 |     8 |    81 |    15 ||   105
  Use: Scroll            |       |       |     5 |       ||     5
       Potion            |       |       |       |     3 ||     3
 Stab: Sleeping          |     9 |     7 |     2 |       ||    18
Armor: Robe              |    12 |    43 |   124 |     6 ||   185
Dodge: Dodged            |    27 |    74 |   219 |    24 ||   344
